 Dungeon Crawl Stone Soup version 0.24-a0-630-g0d56a85 (webtiles) character file.

Game seed: 13637469087107446737, levelgen mode: deterministic

41 BoppinsLewinski the Cudgeler (level 3, -1/30 HPs)
             Began as a Centaur Gladiator on Sept 19, 2019.
             Slain by a gnoll
             ... wielding a +0 halberd
              (7 damage)
             ... while paralysed
             ... on level 2 of the Dungeon.
             The game lasted 00:01:16 (550 turns).

BoppinsLewinski the Cudgeler (Centaur Gladiator)     Turns: 550, Time: 00:01:16

Health: -1/30      AC:  6    Str: 17    XL:     3   Next: 32%
Magic:  3/3        EV:  1    Int:  7    God:
Gold:   56         SH:  0    Dex: 13    Spells: 2/2 levels left

rFire    . . .     SeeInvis .   a - +0 flail
rCold    . . .     Gourm    .   (no shield)
rNeg     . . .     Faith    .   b - +0 leather armour
rPois    .         Spirit   .   c - +0 helmet
rElec    .         Reflect  .   (no cloak)
rCorr    .         Harm     .   k - +0 pair of gloves {Dex+3}
MR       .....                  (no barding)
Stlth    +.........             (no amulet)
HPRegen  0.10/turn              (no ring)
MPRegen  0.08/turn              (no ring)

@: paralysed, berserk cooldown, slowed, very quick
A: large, hooves 3, deformed body, speed 2, tough skin 3
a: no special abilities


You were on level 2 of the Dungeon.
You were not hungry.

You visited 1 branch of the dungeon, and saw 2 of its levels.

You collected 56 gold pieces.

Inventory:

Hand Weapons
 a - a +0 flail (weapon)
Missiles
 d - 3 throwing nets (quivered)
Armour
 b - a +0 leather armour (worn)
 c - a +0 helmet (worn)
 k - a +0 pair of gloves of dexterity (worn)
Scrolls
 e - 3 scrolls of identify {unknown}
 h - 2 scrolls of remove curse {unknown}
 j - 2 scrolls of teleportation {unknown}
 l - a scroll of immolation {unknown}
Potions
 i - a potion of haste {unknown}
Comestibles
 f - 2 rations


   Skills:
 + Level 2.4 Fighting
 * Level 3.2 Maces & Flails
 - Level 2.1 Throwing
 + Level 0.7 Armour
 + Level 2.4 Dodging


You had 2 spell levels left.
You didn't know any spells.
Your spell library was empty.

Dungeon Overview and Level Annotations

Branches:
Dungeon (2/15)

Altars:


Innate Abilities, Weirdness & Mutations

You have hooves in place of feet.
Armour fits poorly on your strangely shaped body.
You cover ground very quickly.
You have extremely tough skin. (AC +3)


Message History

Ye kill tha gnoll!
Tha gnoll hits ye but does nay damage.
A goblin comes inta view.
It be wieldin' a +0 dagger.
Unknown command.
A gnoll comes inta view.
It be wieldin' a +0 flail.
Tha gnoll shouts!
Thin's tha be 'ere: a +0 halberd; a gnoll corpse Ye feel a strong urge ta attack somethin'.
Ye be nay longer berserk.
Ye pass out from 'shaustion.
Ye feel yerself slow down.
A kobold comes inta view.
Tha gnoll hits ye.
Tha kobold shouts!
Tha gnoll hits ye wit' a +0 halberd.
* * * LOW HITPOINT WARNIN'
* * * Tha gnoll hits ye but does nay damage.
Tha goblin hits ye but does nay damage.
Tha gnoll hits ye wit' a +0 halberd!
Ye die...

....#.#
#...#
.##..#.
###.#
...#
#.# #.#
#.# #.#
#.#
###)#
#g@g#
#g###
..g
.....
..#....
#....##
##...
#...


You could see 3 gnolls and a goblin.

Vanquished Creatures
  A gnoll (D:2)
  2 dart slugs (D:2)
  A leopard gecko (D:1)
  6 bats
  2 giant cockroaches
  A goblin (D:1)
  5 hobgoblins
  A ball python (D:1)
  2 frilled lizards
  2 kobolds (D:1)
  5 rats
28 creatures vanquished.

Notes
Turn   | Place    | Note
-------+----------+-------------------------------------------
     0 | D:1      | BoppinsLewinski the Centaur Gladiator began the quest for
                  | the Orb.
     0 | D:1      | Reached XP level 1. HP: 17/17 MP: 1/1
   106 | D:1      | Reached XP level 2. HP: 21/24 MP: 2/2
   131 | D:1      | Reached skill level 3 in Maces & Flails
   511 | D:2      | Reached XP level 3. HP: 22/30 MP: 3/3
   550 | D:2      | Slain by a gnoll

Levels and vault maps discovered:
D:1:      erik_arrival_triangle_small, layout_rooms
D:2:      layout_rooms

Skill      XL: |  1  2 |
---------------+-------+-----
Maces & Flails | 3 |  3.2
Fighting       | |  2.4
Throwing       | |  2.1
Armour         | |  0.7
Dodging        | |  2.4

Action                   || total
-------------------------++-------
Melee: Flail             ||    60
       Kick              ||    13
  Use: Potion            ||     1
Armor: Leather armour    ||    40
Dodge: Dodged            ||    45

Table legend:
 A = Non-vault XP
 B = Vault XP
 C = Vault XP percentage of total XP
 D = Non-vault monster count
 E = Vault monster count
 F = Vault count percentage of total count
                 A         B        C        D         E       F
            +---------+---------+-------+---------+---------+-------
      Total |      59 |       0 |   0.0 |      28 |       0 |   0.0
            +---------+---------+-------+---------+---------+-------
        D:1 |      22 |       0 |   0.0 |      16 |       0 |   0.0
        D:2 |      37 |       0 |   0.0 |      12 |       0 |   0.0
            +---------+---------+-------+---------+---------+-------
